 Dungeon Crawl Stone Soup version 0.24.1-14-gf8d2b509d9 (webtiles) character file.

Game seed: 5375585819237547488, levelgen mode: deterministic

107 lonewolf22212 the Ruffian (level 4, -7/37 HPs)
             Began as a Ghoul Gladiator on Oct 12, 2020.
             Was an Initiate of Dithmenos.
             Mangled by a gnoll
             ... wielding a +0 whip
              (9 damage)
             ... on level 3 of the Dungeon.
             The game lasted 00:06:49 (2461 turns).

lonewolf22212 the Ruffian (Ghoul Gladiator)         Turns: 2461, Time: 00:06:49

Health: -7/37      AC:  4    Str: 17 (18) XL:     4   Next: 86%
Magic:  3/3        EV: 12    Int:  0 (3)  God:    Dithmenos [......]
Gold:   59         SH:  0    Dex: 10      Spells: 3/3 levels left

rFire    . . .     SeeInvis .   p - +3 whip (flame)
rCold    + . .     Gourm    .   (no shield)
rNeg     + + +     Faith    .   a - +0 leather armour
rPois    ∞         Spirit   .   b - +0 helmet
rElec    .         Reflect  .   (no cloak)
rCorr    .         Harm     .   (no gloves)
MR       .....                  (no boots)
Stlth    +.........             (no amulet)
HPRegen  0.00/turn              l - ring of poison resistance
MPRegen  0.08/turn              q - ring of positive energy

@: very slightly contaminated, rotting, slowed, lost intelligence, very slow
A: rotting body, claws 1, carnivore, cold resistance 1, negative energy
resistance 3, inhibited regeneration, torment resistance, unbreathing
a: Renounce Religion


You were on level 3 of the Dungeon.
You worshipped Dithmenos.
Dithmenos was noncommittal.
You were not hungry.

You visited 1 branch of the dungeon, and saw 3 of its levels.

You collected 59 gold pieces.

Inventory:

Hand Weapons
 f - a +0 hand axe
 p - a +3 whip of flaming (weapon)
Missiles
 c - 3 throwing nets (quivered)
Armour
 a - a +0 leather armour (worn)
 b - a +0 helmet (worn)
Jewellery
 k - an uncursed ring of see invisible {unknown}
 l - a ring of poison resistance (left claw)
 q - a ring of positive energy (right claw)
Wands
 t - a wand of paralysis (11)
Scrolls
 h - 2 scrolls of remove curse
 n - a scroll of teleportation {unknown}
 s - a scroll of enchant armour {unknown}
Potions
 e - a potion of agility {unknown}
 g - a potion of heal wounds
 i - a potion of berserk rage {unknown}
 j - a potion of mutation
 m - a potion of invisibility
 o - a potion of might {unknown}
 r - a potion of cancellation {unknown}
Comestibles
 d - 5 rations


   Skills:
 + Level 2.3 Fighting
 + Level 1.5 Axes
 + Level 0.2(1.0) Maces & Flails
 + Level 2.0 Throwing
 + Level 1.2 Armour
 + Level 3.6 Dodging
 + Level 0.4 Stealth
 + Level 3.7 Unarmed Combat


You had 3 spell levels left.
You didn't know any spells.
Your spell library was empty.

Dungeon Overview and Level Annotations

Branches:
Dungeon (3/15)

Altars:
Dithmenos
Gozag


Innate Abilities, Weirdness & Mutations

Your body is rotting away.
You thrive on raw meat.
You are immune to poison.
You have sharp fingernails.
You are carnivorous and can eat meat at any time.
Your flesh is cold resistant. (rC+)
You are immune to negative energy. (rN+++)
You do not regenerate when monsters are visible.
You are immune to unholy pain and torment.
You can survive without breathing.


Message History

There are monsters nearby!
A gnoll comes into view.
It is wielding a +0 halberd of protection.
The gnoll shouts!
You hear a shout! x2
A goblin comes into view. It is wielding a +0 club.
The gnoll shouts!
The goblin shouts!
A gnoll comes into view. It is wielding a +2 spear of piercing.
The gnoll hits you from afar with a +0 spear.
The gnoll barely misses you. The gnoll hits you with a +0 whip.
You hit the gnoll. You burn the gnoll.
The gnoll is lightly wounded.
The gnoll barely misses you.
The gnoll hits you from afar with a +0 halberd of protection!
The gnoll barely misses you. The gnoll hits you with a +0 spear.
* * * LOW HITPOINT WARNING * * *
The goblin barely misses you.
The gnoll hits you from afar with a +0 halberd of protection.
* * * LOW HITPOINT WARNING * * *
The gnoll closely misses you. The gnoll hits you but does no damage.
The gnoll closely misses you. The gnoll hits you with a +0 whip!
You die...

##. #......#..
..##......#.#
............
####.#........#
..............#
.........g....#
.......g.g....#
.......gg.....#
######.@......#
#.........
###########.####.##
........# #.## #
.............# #..#
....##.......####.##
...................#
.....#.............#
...................#


You could see 4 gnolls and a goblin.

Vanquished Creatures
  5 adders
  4 worms (D:2)
  2 dart slugs (D:1)
  3 leopard geckos
  An orc (D:3)
  2 ball pythons
  A bat (D:2)
  A giant cockroach (D:3)
  4 goblins
  4 hobgoblins
  3 jackals (D:2)
  6 kobolds
  A quokka (D:3)
  3 frilled lizards
  6 rats
46 creatures vanquished.

Notes
Turn   | Place    | Note
-------+----------+-------------------------------------------
     0 | D:1      | lonewolf22212 the Ghoul Gladiator began the quest for the
                  | Orb.
     0 | D:1      | Reached XP level 1. HP: 17/17 MP: 0/0
   156 | D:1      | Reached XP level 2. HP: 13/24 MP: 1/1
   840 | D:2      | Reached XP level 3. HP: 21/29 MP: 2/2
  1240 | D:2      | Found a shadowy altar of Dithmenos.
  1268 | D:2      | Reached skill level 1 in Axes
  1268 | D:2      | Reached XP level 4. HP: 16/34 MP: 3/3
  1401 | D:2      | Became a worshipper of Dithmenos the Shadowed
  1535 | D:2      | Reached skill level 1 in Armour
  1720 | D:2      | Found an opulent altar of Gozag.
  2386 | D:3      | Lost intelligence.
  2461 | D:3      | Mangled by a gnoll

Levels and vault maps discovered:
D:1:      elethiomel_arrival_infinity_welcomes_careful_drivers, layout_basic
D:2:      layout_loops_ring, nicolae_gozag_cash_rules_everything_around_me,
          nicolae_dithmenos_shadow_blocks
D:3:      layout_basic, makhleb_altar_promises_db, first_ration

Skill      XL: |  1  2  3  4 |
---------------+-------------+-----
Dodging        | 3 |  3.6
Throwing       | 2 |  2.0
Axes           | 1 |  1.5
Armour         | 1 |  1.2
Fighting       | |  2.3
Maces & Flails | |  0.2
Stealth        | |  0.4
Unarmed Combat | |  3.7

Action                   |  1- 3 |  4- 6 || total
-------------------------+-------+-------++-------
Melee: Hand axe          |    92 |       ||    92
       Punch             |     2 |       ||     2
       Whip              |    13 |    66 ||    79
  Use: Scroll            |       |     4 ||     4
       Potion            |       |     3 ||     3
  Eat: Ration            |     1 |       ||     1
       Chunk             |       |     3 ||     3
Armor: Leather armour    |    37 |    14 ||    51
Dodge: Dodged            |    92 |    45 ||   137
